 Dungeon Crawl Stone Soup version 0.17-a0-670-g5d95ebd (webtiles) character file.

482 Leibowitz the Sneak (level 7, -4/42 HPs)
             Began as a Kobold Assassin on Apr 18, 2015.
             Slain by a gnoll
             ... wielding a +0 halberd
              (20 damage)
             ... on level 4 of the Dungeon.
             The game lasted 00:17:44 (3050 turns).

Leibowitz the Sneak (Kobold Assassin)               Turns: 3050, Time: 00:17:44

Health: -4/42      AC:  4    Str:  9    XL:     7   Next: 34%
Magic:  7/7        EV: 19    Int:  9    God:
Gold:   156        SH:  0    Dex: 22    Spells: 0 memorised, 6 levels left

rFire  . . .     SeeInvis .     y - +2 dagger
rCold  . . .     Clarity  +     c - +0 robe
rNeg   . . .     SustAb   .     (shield restricted)
rPois  +         Gourm    .     (no helmet)
rElec  .         Spirit   .     d - +0 cloak
rCorr  .         Warding  .     (no gloves)
rMut   .         Stasis   .     u - +0 pair of boots
MR     .....                    D - amulet of clarity
Stlth  +++++.....               t - +2 ring of dexterity
                                m - ring of poison resistance

@: not resistant to hostile enchantments, quite stealthy
A: carnivore 3
a: no special abilities


You were on level 4 of the Dungeon.
You were completely stuffed.

You visited 1 branch of the dungeon, and saw 4 of its levels.

You collected 156 gold pieces.

Inventory:

Hand weapons
 a - a +0 dagger of venom
 b - a +0 blowgun
 y - a +2 dagger (weapon)
Missiles
 e - 8 poisoned needles
 f - 2 curare-tipped needles
 o - 21 stones (quivered)
Armour
 c - a +0 robe (worn)
 d - a +0 cloak (worn)
 u - a +0 pair of boots (worn)
Jewellery
 l - an uncursed amulet of stasis
 m - a ring of poison resistance (left hand)
 t - a +2 ring of dexterity (right hand)
 D - an amulet of clarity (around neck)
Scrolls
 h - 5 scrolls of identify {unknown}
 i - 3 scrolls of enchant armour {unknown}
 j - 4 scrolls of remove curse {unknown}
 k - a scroll of fear {unknown}
 p - 2 scrolls of amnesia {unknown}
 q - a scroll of recharging {unknown}
 r - 3 scrolls of teleportation {unknown}
Potions
 n - a potion of magic
 s - a potion of might
 x - a potion of resistance {unknown}
Comestibles
 g - 3 meat rations
 v - a slice of pizza
 w - 2 chunks of flesh
 C - a beef jerky


   Skills:
 * Level 3.8 Fighting
 * Level 4.9 Short Blades
 + Level 3.0 Throwing
 * Level 5.1 Dodging
 + Level 7.4 Stealth


You had 6 spell levels left.
You didn't know any spells.

Dungeon Overview and Level Annotations

Branches:
Dungeon (4/15)
 Temple: D:4-7

Altars:
Makhleb
Nemelex Xobeh


Innate Abilities, Weirdness & Mutations

You are small and have problems with some larger weapons.
You are carnivorous and can eat meat at any time.


Message History

The gnoll is severely wounded.
The gnoll misses you.
You miss the giant newt. The giant newt barely misses you.
The gnoll closely misses you.
You barely miss the giant newt. The giant newt misses you.
The gnoll closely misses you. The gnoll completely misses you.
The gnoll barely misses you.
You hit the gnoll but do no damage. The gnoll hits you with a halberd.
The giant newt completely misses you. x2
You barely miss the gnoll. The gnoll closely misses you.
You hit the gnoll.
The gnoll is moderately wounded.
The gnoll barely misses you. The giant newt completely misses you.
The giant newt misses you. The gnoll closely misses you.
You barely miss the gnoll.
The gnoll is moderately wounded.
The gnoll completely misses you.
The giant newt bites you but does no damage.
The giant newt closely misses you. The gnoll hits you with a halberd!!
You die...

#.._..##............
+......
##...##..............#
#......
.##.##...............##+
#......
..###..###+###...........
..## #......#
#............ #. .#.....#
#............. #.
.#.....# #.............
#. .+.....+
#.lgl......... #.
.#.....# #..@g..........
#. .#.....#
#...g.......... +.
.#.....# +............!.
#. ##.....#
#.............. #. ##...
####'###...... #+##.
#)..+...... +....
#...#...... #....
+...#...... #....
####'#.......#####


You could see 3 gnolls and 2 giant newts.

Vanquished Creatures
  A phantom (D:4)
  An ogre (D:4)
  2 hounds (D:4)
  Jessica (D:4)
  An orc wizard (D:3)
  A gnoll (D:4)
  7 adders
  An ooze (D:1)
  2 worms
  An adder skeleton (D:4)
  2 giant geckos
  9 orcs
  A ball python (D:2)
  13 goblins
  6 hobgoblins
  8 bats
  5 giant cockroaches
  7 giant newts
  11 jackals
  4 kobolds
  8 rats
92 creatures vanquished.

Notes
Turn   | Place    | Note
--------------------------------------------------------------
     0 | D:1      | Leibowitz, the Kobold Assassin, began the quest for the Orb.
     0 | D:1      | Reached XP level 1. HP: 12/12 MP: 1/1
   239 | D:1      | Reached XP level 2. HP: 8/17 MP: 2/2
   558 | D:1      | Reached skill level 6 in Stealth
   623 | D:1      | Reached XP level 3. HP: 18/22 MP: 3/3
  1352 | D:2      | Found a burning altar of Makhleb.
  1357 | D:2      | Reached XP level 4. HP: 27/27 MP: 4/4
  2157 | D:3      | Reached XP level 5. HP: 31/31 MP: 5/5
  2638 | D:4      | Found a sparkling altar of Nemelex Xobeh.
  2638 | D:4      | Noticed Jessica
  2645 | D:4      | Killed Jessica
  2645 | D:4      | Reached XP level 6. HP: 37/37 MP: 6/6
  2662 | D:4      | Reached skill level 7 in Stealth
  2728 | D:4      | Noticed an ogre
  2733 | D:4      | Killed an ogre
  2941 | D:4      | Noticed a phantom
  2983 | D:4      | Killed a phantom
  2983 | D:4      | Reached skill level 5 in Dodging
  2983 | D:4      | Reached XP level 7. HP: 13/42 MP: 7/7
  3050 | D:4      | Slain by a gnoll

Action                   |  1- 3 |  4- 6 |  7- 9 || total
-------------------------+-------+-------+-------++-------
Melee: Dagger            |    94 |   200 |    12 ||   306
Throw: Stone             |       |    10 |       ||    10
  Use: Potion            |       |    11 |       ||    11
 Stab: Sleeping          |    12 |     8 |     1 ||    21
       Distracted        |       |     1 |     1 ||     2
  Eat: Chunk             |    10 |     5 |       ||    15
